 Dungeon Crawl Stone Soup version 0.29-a0-1014-ga8c0faee3b (webtiles) character file.

Game seed: 4834804013880530610

3333 Angani the Grave Robber (level 10, -11/80 HPs)
             Began as a Meteoran Wanderer on Aug 5, 2022.
             Was an Initiate of Cheibriados.
             Killed from afar by Maggie (18 damage)
             ... with a bolt of fire
             ... on level 8 of the Dungeon on Aug 9, 2022.
             The game lasted 00:28:01 (3702 turns).

Angani the Grave Robber (Meteoran Wanderer)         Turns: 3702, Time: 00:28:03

Health: -11/80     AC:  2    Str: 13    XL:     10   Next: 45%
Magic:  18/18      EV: 23    Int: 27    God:    Cheibriados [......]
Gold:   260        SH:  0    Dex: 20    Spells: 4/19 levels left

rFire   . . .      SeeInvis +     - Unarmed
rCold   . . .      Faith    .   (shield currently unavailable)
rNeg    . . .      Spirit   .   (body armour currently unavailable)
rPois   x          Reflect  .   (helmet currently unavailable)
rElec   .          Harm     .   (cloak currently unavailable)
rCorr   .          Rampage  .   (gloves currently unavailable)
Will    +....                   (boots currently unavailable)
Stlth   +.........              (no amulet)
HPRegen 0.23/turn               o - +6 ring of intelligence
MPRegen 0.16/turn               i - ring of see invisible

@: brilliant, spider-form (expiring), flying, glowing, very slow
A: venomous fangs, tiny, sense surroundings 2, otherworldly, glowing, explore
regen
a: End Transformation, Renounce Religion


You were on level 8 of the Dungeon.
You worshipped Cheibriados.
Cheibriados was noncommittal.
You were a venomous arachnid creature.
You visited 2 branches of the dungeon, and saw 9 of its levels.

You collected 260 gold pieces.

Inventory:

Armour
 f - a +0 pair of gloves (melded)
 t - a +2 robe of fire resistance (melded)
Jewellery
 h - a ring of flight
 i - a ring of see invisible (right front leg)
 k - a ring of wizardry
 o - a +6 ring of intelligence (left front leg)
 q - a ring of fire
Wands
 d - a wand of flame (35) (quivered)
 n - a wand of charming (6)
Scrolls
 a - a scroll of amnesia {unknown}
 b - 2 scrolls of butterflies
 e - 2 scrolls of magic mapping
 g - a scroll of noise {unknown}
 s - a scroll of fear {unknown}
 v - a scroll of blinking {unknown}
Potions
 j - a potion of brilliance
 l - a potion of cancellation
 m - a potion of berserk rage {unknown}
 p - 2 potions of magic
 u - a potion of invisibility {unknown}


   Skills:
 + Level 4.6 Fighting
 + Level 5.0 Dodging
 + Level 6.4 Unarmed Combat
 - Level 5.0 Spellcasting
 - Level 6.4 Necromancy
 - Level 5.7 Transmutations
 - Level 5.3 Ice Magic
 + Level 3.1 Air Magic
 - Level 5.8 Poison Magic
 - Level 4.8 Evocations


You had 4 spell levels left.
You knew the following spells:

 Your Spells              Type           Power      Damage    Failure   Level
a - Freeze                Ice            100%       1d11      4%          1
b - Ozocubu's Armour      Ice            52%        N/A       9%          3
c - Spider Form           Tmut/Pois      54%        N/A       8%          3
d - Dispel Undead         Necr           58%        3d21      16%         4
e - Corpse Rot            Necr/Pois/Air  51%        N/A       22%         4

Your spell library contained the following spells:

 Spells                   Type           Power      Damage    Failure   Level
 Sublimation of Blood     Necr           58%        N/A       4%          2
 Passwall                 Tmut/Erth      27%        N/A       11%         2
 Ensorcelled Hibernation  Hex/Ice        62%        N/A       12%         2
 Mephitic Cloud           Conj/Pois/Air  34%        N/A       17%         3
 Swiftness                Air            35%        N/A       17%         3
 Magic Dart               Conj           40%        1d5       19%         1
 Call Imp                 Summ           10%        N/A       26%         2
 Call Canine Familiar     Summ           10%        N/A       43%         3
 Petrify                  Tmut/Erth      33%        N/A       43%         4
 Summon Lightning Spire   Summ/Air       23%        N/A       58%         4
 Irradiate                Conj/Tmut      16%        3d17      73%         5
 Death Channel            Necr           29%        N/A       82%         6
 Storm Form               Tmut/Air       23%        N/A       100%        7
 Maxwell's Capacitive Co  Air            17%        ∞         100%        8


Dungeon Overview and Level Annotations

Branches:
Dungeon (8/15) Zot: 1994   Temple (1/1) D:7 Zot: 743
   Lair: D:8-11

Altars:
Ashenzari
Cheibriados
Dithmenos
Elyvilon
Fedhas
Gozag
Hepliaklqana
Kikubaaqudgha
Makhleb
Nemelex Xobeh
Okawaru
Qazlal
Ru
Sif Muna
Trog
Uskayaw
Vehumet
Wu Jian
Xom
Yredelemnul
Zin
The Shining One

Annotations:
D:8 Maggie


Innate Abilities, Weirdness & Mutations

You are a venomous arachnid creature.
You have poisonous fangs.
You are tiny and dextrous.
Your spellcasting is less reliable in this form.
Your armour is entirely melded.
You are incapable of wielding weapons or throwing items.
You passively map the area around you.
You are easily found by Zot.
You glow in the dark.
You regain HP and MP as you explore.


Message History

You hit Maggie.
Maggie is moderately wounded.
Maggie completely misses you.
You hit Maggie.
Maggie is moderately wounded.
Maggie hits you with a +0 scimitar!
You barely miss Maggie.
Maggie is moderately wounded.
Maggie completely misses you.
You hit Maggie.
Maggie is moderately wounded.
You completely miss Maggie.
Maggie is moderately wounded.
Maggie misses you.
You completely miss Maggie.
Maggie is moderately wounded.
Your transformation is almost over.
Maggie hits you but does no damage.
You bite Maggie!
Maggie is heavily wounded.
Maggie casts a spell at you. The bolt of fire hits you!!
* * * LOW HITPOINT WARNING * * *
The heat melts your icy armour.
You feel better. Maggie hits you with a +0 scimitar!
* * * LOW HITPOINT WARNING * * *
Okay, then.
Okay, then.
It was a potion of brilliance.
You feel clever all of a sudden.
Maggie mumbles some strange words.
Maggie attempts to bespell you! You resist with some effort.
It was a potion of magic.
Magic courses through your body. Maggie misses you.
It was a potion of flight.
You feel very buoyant.
You fly up into the air.
Maggie gestures at you while chanting. The bolt of fire hits you!!
Your icy armour melts away.
You die...

# #..............# *
##########.###.#.#####..#
........................# *
##########.###.#.####...##### , .
, , ...# #.#..#.....#...
##############.#..#.#..##.## *,
.............#.#.##.##.....#, *
.....†..........@..>......<# # *#
########........s######.####.#...
#.#...#.................# ###
#.#<..#.#.............#.# ..#
#.#.#.###########.##### * ..#
#.#................#
..######.###.###########..#
.........###'## #...#
..............# ##..# *
..............# *...#


You could see Maggie.

Vanquished Creatures
  Pikel (D:7)
  Sigmund (D:5)
  6 water moccasins
  2 black bears
  2 ice beasts (D:7)
  4 ogres
  A lemure (D:7)
  A centaur (D:7)
  2 phantoms (D:7)
  2 bullfrogs
  2 kobold brigands
  3 scorpions (D:4)
  A necrophage (D:6)
  2 orc priests
  A hound (D:4)
  A jelly (D:5)
  3 iguanas
  4 orc wizards
  12 gnolls
  6 adders
  A shadow imp (D:7)
  4 white imps
  An ufetubus (D:5)
  2 worms (D:2)
  3 dart slugs
  24 orcs
  4 endoplasms
  4 giant cockroaches
  8 goblins
  4 hobgoblins
  6 jackals
  16 kobolds
  4 quokkas
  A ball python (D:1)
  2 bats (D:3)
  5 frilled lizards
  4 rats
150 creatures vanquished.

Notes
Turn   | Place    | Note
-------+----------+-------------------------------------------
     0 | D:1      | Angani the Meteoran Wanderer began the quest for the Orb.
     0 | D:1      | Angani set off with the following items: a +0 dagger, a
                  | scroll of butterflies, a +0 robe, a wand of flame (3); and
                  | the following spells available to memorise: Freeze,
                  | Ozocubu's Armour, Call Canine Familiar, Mephitic Cloud,
                  | Spider Form.
     0 | D:1      | Reached XP level 1. HP: 14/14 MP: 6/6
     3 | D:1      | Learned a level 1 spell: Freeze
   108 | D:1      | Reached XP level 2. HP: 19/20 MP: 4/8
   291 | D:1      | Reached XP level 3. HP: 7/26 MP: 1/10
   383 | D:2      | Learned a level 3 spell: Ozocubu's Armour
   397 | D:2      | Found a burning altar of Makhleb.
   506 | D:1      | Reached XP level 4. HP: 32/33 MP: 7/11
   536 | D:2      | Reached skill level 5 in Spellcasting
   553 | D:2      | Learned a level 3 spell: Spider Form
   844 | D:3      | Upgraded the game from 0.29-a0-998-g1987434951 to
                  | 0.29-a0-1014-ga8c0faee3b
  1063 | D:3      | You fall into a shaft and drop 3 floors!
  1066 | D:6      | Noticed a black bear
  1068 | D:6      | Noticed a necrophage
  1080 | D:6      | Killed a black bear
  1081 | D:6      | Reached XP level 5. HP: 8/38 MP: 6/13
  1081 | D:6      | Reached XP level 6. HP: 9/45 MP: 6/14
  1118 | D:6      | Noticed an ogre
  1135 | D:6      | Killed an ogre
  1136 | D:6      | Reached XP level 7. HP: 42/50 MP: 9/15
  1146 | D:6      | Noticed a water moccasin
  1154 | D:6      | Killed a water moccasin
  1155 | D:6      | Reached skill level 5 in Ice Magic
  1358 | D:5      | Entered Level 5 of the Dungeon
  1428 | D:5      | Reached skill level 1 in Unarmed Combat
  1428 | D:5      | Reached XP level 8. HP: 43/57 MP: 9/16
  1729 | D:4      | Reached skill level 5 in Transmutations
  1729 | D:4      | Reached skill level 5 in Poison Magic
  1814 | D:4      | HP: 1/57 [hound (4)]
  2246 | D:5      | Reached skill level 1 in Dodging
  2251 | D:5      | Reached skill level 1 in Fighting
  2270 | D:5      | Noticed Sigmund
  2279 | D:5      | Gained mutation: You passively map the area around you.
                  | [Meteoran growth]
  2279 | D:5      | Reached XP level 9. HP: 27/67 MP: 11/17
  2288 | D:5      | Killed Sigmund
  2489 | D:6      | Reached skill level 5 in Unarmed Combat
  2648 | D:6      | Learned a level 4 spell: Dispel Undead
  2938 | D:7      | Reached skill level 5 in Necromancy
  2987 | D:7      | Found a staircase to the Ecumenical Temple.
  2992 | D:7      | Reached XP level 10. HP: 75/77 MP: 18/18
  3011 | Temple   | Entered the Ecumenical Temple
  3094 | Temple   | Became a worshipper of Cheibriados the Contemplative
  3254 | D:7      | Learned a level 4 spell: Corpse Rot
  3280 | D:7      | Noticed Pikel
  3299 | D:7      | Killed Pikel
  3564 | D:8      | Reached skill level 5 in Dodging
  3574 | D:8      | Found an iron altar of Okawaru.
  3683 | D:8      | Noticed Maggie
  3698 | D:8      | HP: 4/80 [Maggie/bolt of fire (28)]
  3702 | D:8      | Killed from afar by Maggie

Illustrated notes

Levels and vault maps discovered:
D:1:      mrwooster_arrival_statue_3, layout_basic,
          hellmonk_ecumenical_altar_dog_temple, minmay_worlds_worst_comb
D:2:      layout_loops_ring, basic_altar, uniq_crazy_yiuf_cottage
D:3:      layout_basic
D:4:      lemuel_castle_with_subvaults [lemuel_castle_interior_carwin_1],
          layout_basic
D:5:      wander_river, layout_loops_ring, serial_rivers,
          chequers_serial_rivers_micro_b, chequers_serial_rivers_small_3,
          chequers_serial_rivers_micro_d, chequers_serial_rivers_micro_e,
          uniq_sigmund
D:6:      layout_gridville
D:7:      minmay_spotlight, layout_basic, minmay_temple_entry_sparse_star,
          uniq_pikel
D:8:      layout_basic, okawaru_metal_pillars_1_2, uniq_maggie
Temple:   nicolae_temple_bog_church

Skill      XL: |  1  2  3  4  5  6  7  8  9 10 |
---------------+-------------------------------+-----
Ice Magic      | 3 4 5 |  5.3
Spellcasting   | 5 |  5.0
Transmutations | 2 3 4 5 |  5.7
Poison Magic   | 2 3 4 5 |  5.8
Unarmed Combat | 1 4 5 6 |  6.4
Dodging        | 1 3 5 |  5.0
Fighting       | 1 3 4 |  4.6
Necromancy     | 5 6 |  6.4
Air Magic      | 3 |  3.1
Evocations     | |  4.8

Action                   |  1- 3 |  4- 6 |  7- 9 | 10-12 || total
-------------------------+-------+-------+-------+-------++-------
Melee: Dagger            |     4 |     8 |     1 |       ||    13
       Unarmed           |       |    20 |   163 |   109 ||   292
 Cast: Freeze            |    49 |    40 |   105 |       ||   194
       Ozocubu's Armour  |       |     2 |    13 |     4 ||    19
       Spider Form       |       |     2 |    15 |     5 ||    22
 Abil: End Transformatio |       |       |       |     1 ||     1
  Use: Scroll            |     1 |     1 |     4 |       ||     6
       Potion            |       |     1 |     2 |     4 ||     7
Armor: Robe              |    13 |    15 |    32 |       ||    60
       Skin              |       |     8 |    16 |     8 ||    32
Dodge: Dodged            |    37 |    48 |   169 |    78 ||   332

Table legend: (Time is in decaauts)
 A = Elapsed time spent in this place.
 B = Non-inter-level travel time spent in this place.
 C = Inter-level travel time spent in this place.
 D = Time resting spent in this place.
 E = Time spent auto-exploring this place.
 F = Levels seen in this place.
 G = Mean time per level.
                   A        B        C        D        E       F      G
               +--------+--------+--------+--------+--------+-----+--------+
         Total |   3817 |   3660 |    157 |     80 |      0 |   9 |  424.1 |
       Dungeon |   3703 |   3546 |    157 |     80 |      0 |   8 |  462.9 |
        Temple |    114 |    114 |      0 |      0 |      0 |   1 |  114.0 |
               +--------+--------+--------+--------+--------+-----+--------+

Top non-repeatable levels by time:
     D:7: 767 daAuts
     D:6: 643 daAuts
     D:5: 527 daAuts
     D:4: 500 daAuts
     D:2: 478 daAuts
     D:1: 362 daAuts
     D:3: 222 daAuts
     D:8: 201 daAuts
  Temple: 114 daAuts
